 Dungeon Crawl Stone Soup version 0.30-a0-726-gd89dcf765f (webtiles) character file.

Game seed: 13841686969727865382

224 NinjaNoafa the Chopper (level 6, -4/56 HPs)
             Began as a Hill Orc Fighter on Jan 29, 2023.
             Slain by Natasha (6 damage)
             ... on level 3 of the Dungeon.
             The game lasted 00:04:42 (2345 turns).

NinjaNoafa the Chopper (Hill Orc Fighter)           Turns: 2345, Time: 00:04:43

Health: -4/56      AC: 10    Str: 21    XL:     6   Next: 0%
Magic:  6/6        EV:  9    Int:  8    God:
Gold:   153        SH:  0    Dex: 10    Spells: 5/5 levels left

rFire   . . .      SeeInvis .    a - +0 war axe
rCold   + . .      Faith    .    c - +0 buckler
rNeg    . . .      Spirit   .    b - +0 scale mail
rPois   .          Reflect  .    h - +1 helmet
rElec   .          Harm     .    (no cloak)
rCorr   +          Rampage  .    (no gloves)
Will    .....                    l - +0 pair of boots Stlth
                                 (no amulet)
HPRegen 0.29/turn                k - ring of protection from cold
MPRegen 0.10/turn                s - ring of resist corrosion

@: confused, slowed, very slow
A: no striking features
a: no special abilities


You were on level 3 of the Dungeon.
You visited 1 branch of the dungeon, and saw 3 of its levels.

You collected 153 gold pieces.

Inventory:

Hand Weapons
 a - a +0 war axe (weapon)
Missiles
 m - 3 boomerangs (quivered)
 r - 6 poisoned darts
Armour
 b - a +0 scale mail (worn)
 c - a +0 buckler (worn)
 h - a +1 helmet (worn)
 l - a +0 pair of boots (worn)
Jewellery
 k - a ring of protection from cold (left hand)
 s - a ring of resist corrosion (right hand)
Scrolls
 g - a scroll of poison {unknown}
 i - a scroll of immolation {unknown}
 j - a scroll of vulnerability {unknown}
 n - 2 scrolls of identify {unknown}
 o - a scroll of enchant weapon {unknown}
 q - a scroll of teleportation {unknown}
Potions
 d - a potion of berserk rage {unknown}
 e - a potion of curing {unknown}
 f - 2 potions of lignification {unknown}
 p - a potion of invisibility {unknown}


   Skills:
 - Level 5.0 Fighting
 + Level 5.4 Axes
 - Level 5.0 Armour
 - Level 3.2 Shields


You had 5 spell levels left.
You didn't know any spells.
Your spell library was empty.

Dungeon Overview and Level Annotations

Branches:
Dungeon (3/15)

Altars:
Ashenzari

Annotations:
D:3 Natasha


Message History

You hit Natasha.
Natasha is moderately wounded.
You barely miss the iron imp. Natasha claws you but does no damage.
The iron imp hits you but does no damage.
Natasha closely misses you.
You closely miss Natasha.
Natasha is moderately wounded.
You barely miss the iron imp. Natasha claws you but does no damage.
The iron imp hits you! Natasha casts a spell at you.
The magic dart hits you but does no damage.
The iron imp barely misses you.
You closely miss Natasha.
Natasha is moderately wounded.
You closely miss the iron imp. Natasha barely misses you.
The iron imp laughs crazily.
The iron imp hits you. You block Natasha's attack.
You slash Natasha!
Natasha is severely wounded.
You hit the iron imp. The iron imp barely misses you.
Natasha casts a spell at you. You resist with some effort.
The iron imp hits you!
You barely miss Natasha.
Natasha is severely wounded.
You hit the iron imp. Natasha closely misses you.
Natasha zaps a wand.
The bolt of light hits you.
The iron imp hits you but does no damage.
You closely miss Natasha.
Natasha is severely wounded.
You hit the iron imp. Natasha claws you but does no damage.
The iron imp hits you.
* * * LOW HITPOINT WARNING * * *
Natasha hisses.
Natasha zaps a wand.
The bolt of light hits you!!
You are confused.
* * * LOW HITPOINT WARNING * * *
The iron imp misses you.
Okay, then.
You bump into the rock wall.
Natasha claws you.
You die...

#.# ###.##.......# #.#
##....†....##.# ###.#
##..........# ....#
####...........#
.##.#########.......)..†P.##
#.............###..P......#
.#..#########.# #.........#
....# #.###5PP..P.P.# .#..#
#..h@.........# .#..#
.....##...P^.....#######
....# #
####.###########...g...#
....#.# #.# #######.#
.#....# #.# #######...
...#..# #...##.... .###.>#
#..##..... ....#.#
#.†....._g #####.#
#.###.....


You could see an iron imp (summoned) and Natasha.

Vanquished Creatures
  A hound (D:3)
  Natasha (twice) (D:3)
  7 gnolls
  2 adders (D:3)
  A worm (D:2)
  4 orcs
  5 endoplasms
  2 giant cockroaches (D:1)
  3 goblins
  8 hobgoblins
  4 kobolds
  A quokka (D:2)
  A ball python (D:1)
  7 bats
  6 frilled lizards
  2 rats (D:1)
56 creatures vanquished.

Vanquished Creatures (others)
  17 plants (D:3)
17 creatures vanquished.

Grand Total: 73 creatures vanquished

Notes
Turn   | Place    | Note
-------+----------+-------------------------------------------
     0 | D:1      | NinjaNoafa the Hill Orc Fighter began the quest for the
                  | Orb.
     0 | D:1      | Reached XP level 1. HP: 19/19 MP: 1/1
   134 | D:1      | Reached XP level 2. HP: 19/27 MP: 2/2
   588 | D:2      | Reached XP level 3. HP: 28/33 MP: 3/3
  1268 | D:2      | Reached XP level 4. HP: 41/41 MP: 4/4
  1671 | D:3      | Found a broken altar of Ashenzari.
  1961 | D:3      | Noticed Natasha
  1964 | D:3      | Killed Natasha
  1965 | D:3      | Reached XP level 5. HP: 39/47 MP: 5/5
  2065 | D:3      | Reached skill level 5 in Fighting
  2170 | D:3      | Reached skill level 5 in Axes
  2225 | D:3      | Noticed Natasha
  2234 | D:3      | Killed Natasha
  2235 | D:3      | Reached skill level 5 in Armour
  2325 | D:3      | Reached XP level 6. HP: 56/56 MP: 6/6
  2330 | D:3      | Noticed Natasha
  2344 | D:3      | HP: 1/56 [Natasha/bolt of light (24)]
  2345 | D:3      | Slain by Natasha

Illustrated notes

Levels and vault maps discovered:
D:1:      ebering_hopf_link, layout_basic, minmay_misc_feat_diagonals,
          minmay_heptomino_l4
D:2:      layout_rooms
D:3:      minmay_chambers_of_twos, layout_loops_ring, lemuel_round_altar,
          grunt_decor_cap, nicolae_grassy_gnolls, uniq_natasha

Skill      XL: |  1  2  3  4  5 |
---------------+----------------+-----
Axes           | 3 4 5 |  5.4
Fighting       | 4 5 |  5.0
Armour         | 4 5 |  5.0
Shields        | |  3.2

Action                     |  1- 3 |  4- 6 || total
---------------------------+-------+-------++-------
  Melee: War axe           |    98 |    99 ||   197
    Use: Potion            |       |     1 ||     1
 Armour: Scale mail        |    59 |    66 ||   125
  Dodge: Dodged            |    74 |    58 ||   132
  Block: Buckler           |    32 |    23 ||    55

Table legend: (Time is in decaauts)
 A = Elapsed time spent in this place.
 B = Non-inter-level travel time spent in this place.
 C = Inter-level travel time spent in this place.
 D = Time resting spent in this place.
 E = Time spent auto-exploring this place.
 F = Levels seen in this place.
 G = Mean time per level.
                   A        B        C        D        E       F      G
               +--------+--------+--------+--------+--------+-----+--------+
         Total |   2424 |   2272 |    152 |    184 |   1444 |   3 |  808.0 |
       Dungeon |   2424 |   2272 |    152 |    184 |   1444 |   3 |  808.0 |
               +--------+--------+--------+--------+--------+-----+--------+

Top non-repeatable levels by time:
     D:2: 1032 daAuts
     D:1: 815 daAuts
     D:3: 576 daAuts
